 Dungeon Crawl Stone Soup version 0.31-a0-329-g52107efa6a (webtiles) character file.

Game seed: 7482930902252852532

437 gorbygor the Cudgeller (level 6, -24/61 HPs)
             Began as a Troll Berserker on July 19, 2023.
             Was a Believer of Trog.
             Annihilated by an ogre
             ... wielding a +0 giant spiked club
              (27 damage)
             ... on level 4 of the Dungeon.
             The game lasted 00:09:24 (3046 turns).

gorbygor the Cudgeller (Troll Berserker)            Turns: 3046, Time: 00:09:24

Health: -24/61     AC:  4    Str: 26    XL:     6   Next: 69%
Magic:  5/5        EV: 10    Int:  5    God:    Trog [**....]
Gold:   242        SH:  5    Dex:  9    Spells: 5/5 levels left

rFire   . . .        a - +1 mace
rCold   + . .        (no shield)
rNeg    . . .        b - +0 animal skin
rPois   .            (helmet restricted)
rElec   .            (no cloak)
rCorr   .            (gloves unavailable)
SInv    .            (boots unavailable)
Will    +....        o - amulet of reflection
Stlth   +            l - ring of willpower
HPRegen 1.10/turn    f - ring of protection from cold
MPRegen 0.09/turn

%: reflection
@: on berserk cooldown, slowed, very slow
A: large, unfitting armour, claws 3, regeneration 1, shaggy fur 1, tough skin 1,
talons 1
a: Renounce Religion, Berserk, Trog's Hand


You were on level 4 of the Dungeon.
You worshipped Trog.
Trog was pleased with you.
You visited 1 branch of the dungeon, and saw 4 of its levels.

You collected 242 gold pieces.

Inventory:

Hand Weapons
 a - a +1 mace (weapon)
Missiles
 e - 5 javelins
 m - 3 silver boomerangs
Armour
 b - a +0 animal skin (worn)
Jewellery
 f - a ring of protection from cold (right claw)
 l - a ring of willpower (left claw)
 o - an amulet of reflection (around neck)
Wands
 i - a wand of flame (11)
Scrolls
 k - a scroll of noise {unknown}
Potions
 c - 2 potions of might
 d - a potion of resistance {unknown}
 g - a potion of berserk rage
 h - a potion of curing {unknown}
 j - a potion of magic {unknown}


   Skills:
 * Level 3.3 Fighting
 * Level 5.1 Maces & Flails
 * Level 1.3 Armour
 * Level 3.8 Dodging
 + Level 0.2 Stealth
 + Level 0.3 Shields


You had 5 spell levels left.
You didn't know any spells.
Your spell library was empty.

Dungeon Overview and Level Annotations

Branches:
Dungeon (4/15)
 Temple: D:4-7

Altars:
Trog


Innate Abilities, Weirdness & Mutations

You are too large for most types of armour.
You have claws for hands.
Your natural rate of healing is unusually fast.
You are covered in fur. (AC +1)
You have tough skin. (AC +1)
You have sharp toenails.


Message History

Trog accepts your kill.
You thump the hobgoblin!
You kill the hobgoblin!
Trog accepts your kill.
A goblin comes into view. It is wielding a +0 dagger.
You sock the hobgoblin!
You kill the hobgoblin!
Trog accepts your kill.
You see here a +0 club.
You feel a strong urge to attack something.
You are no longer berserk.
You are exhausted.
You feel yourself slow down.
You see here a +0 club.
You barely miss the ogre. Your kick misses the ogre.
The ogre hits you with a +0 giant spiked club!!
You hit the ogre. Your kick misses the ogre.
The ogre is lightly wounded.
A hobgoblin comes into view.
The ogre hits you with a +0 giant spiked club!!
* * * LOW HITPOINT WARNING * * *
The hobgoblin moves out of view.
You closely miss the ogre.
The ogre is lightly wounded.
The ogre barely misses you. The ogre barely misses you.
The ogre attacks as you move away! The ogre barely misses you.
The ogre attacks as you move away!
The ogre hits you with a +0 giant spiked club!!
* * * LOW HITPOINT WARNING * * *
The goblin no longer looks unusually strong.
The ogre hits you with a +0 giant spiked club.
* * * LOW HITPOINT WARNING * * *
You see here 3 stones.
The goblin attacks as you move away! You block the goblin's attack.
The goblin hits you with a +0 club.
* * * LOW HITPOINT WARNING * * *
The ogre attacks as you move away!
The ogre hits you with a +0 giant spiked club!!
You die...

#)# ##.## ######.g.#######
...............#
###.#..g.#####.#
#.#....#####.##
#.#..g.........
#.##.gO#####.##
#.##.@.#####
#########.##.........
#.............#######
#.######.####.# #.# #.# #.#
#.# ####.####.# #.#
#.........# ## #.#
#.##.###..#########...#
#.###.##.###..........#.#.#


You could see an ogre, a hobgoblin and 3 goblins.

Vanquished Creatures
  A scorpion (D:4)
  A howler monkey (D:4)
  2 orc priests (D:3)
  A hound (D:3)
  An orc wizard (D:3)
  Natasha (thrice) (D:2)
  Robin (D:4)
  4 gnolls (D:2)
  4 adders
  A worm (D:2)
  2 dart slugs
  5 orcs (D:3)
  5 bats
  7 endoplasms
  3 giant cockroaches
  12 hobgoblins
  2 quokkas
  A ball python (D:3)
  6 frilled lizards
  5 goblins
  3 kobolds
  6 rats
76 creatures vanquished.

Notes
Turn   | Place    | Note
-------+----------+-------------------------------------------
     0 | D:1      | gorbygor the Troll Berserker began the quest for the Orb.
     0 | D:1      | Reached XP level 1. HP: 22/22 MP: 0/0
   226 | D:1      | Reached XP level 2. HP: 29/29 MP: 1/1
   285 | D:1      | Reached skill level 3 in Maces & Flails
   829 | D:1      | Gained mutation: You have sharp toenails. [potion of
                  | mutation]
   907 | D:2      | Reached XP level 3. HP: 36/36 MP: 2/2
   918 | D:2      | Reached XP level 4. HP: 37/44 MP: 3/3
  1213 | D:2      | Noticed Natasha
  1227 | D:2      | Killed Natasha
  1383 | D:2      | Noticed Natasha
  1703 | D:2      | Reached ** piety under Trog
  1938 | D:2      | Killed Natasha
  1939 | D:2      | Reached skill level 4 in Maces & Flails
  1939 | D:2      | Reached skill level 1 in Armour
  1939 | D:2      | Reached XP level 5. HP: 51/53 MP: 4/4
  1999 | D:2      | Noticed Natasha
  2005 | D:2      | Killed Natasha
  2401 | D:3      | Reached XP level 6. HP: 55/61 MP: 5/5
  2896 | D:4      | Found a bloodstained altar of Trog.
  3016 | D:4      | Noticed Robin
  3024 | D:4      | Reached skill level 5 in Maces & Flails
  3028 | D:4      | Killed Robin
  3042 | D:4      | HP: 1/61 [ogre/+0 giant spiked club (26)]
  3046 | D:4      | Annihilated by an ogre

Illustrated notes

Levels and vault maps discovered:
D:1:      kennysheep_arrival_forest, layout_basic
D:2:      layout_loops_corners, bh_walls_and_bars, uniq_natasha
D:3:      layout_loops_ring
D:4:      layout_loops_corners, mainiacjoe_overflow_chevrons,
          amcnicky_altar_gilded, uniq_robin

Skill      XL: |  1  2  3  4  5  6 |
---------------+-------------------+-----
Maces & Flails | 3 4 5 |  5.1
Dodging        | 3 |  3.8
Fighting       | 3 |  3.3
Armour         | 1 |  1.3
Stealth        | |  0.2
Shields        | |  0.3

Action                     |  1- 3 |  4- 6 || total
---------------------------+-------+-------++-------
  Melee: Mace              |    74 |   136 ||   210
         Punch             |     1 |       ||     1
         Kick              |     5 |    23 ||    28
 Invoke: Berserk           |     1 |     4 ||     5
    Use: Scroll            |     1 |     6 ||     7
         Potion            |     1 |       ||     1
   Stab: Sleeping          |     1 |       ||     1
 Armour: Animal skin       |    43 |    35 ||    78
  Dodge: Dodged            |    41 |    77 ||   118
  Block: Other             |       |     9 ||     9

Table legend: (Time is in decaauts)
 A = Elapsed time spent in this place.
 B = Non-inter-level travel time spent in this place.
 C = Inter-level travel time spent in this place.
 D = Time resting spent in this place.
 E = Time spent auto-exploring this place.
 F = Levels seen in this place.
 G = Mean time per level.
                   A        B        C        D        E       F      G
               +--------+--------+--------+--------+--------+-----+--------+
         Total |   3129 |   2936 |    193 |    140 |   2080 |   4 |  782.2 |
       Dungeon |   3129 |   2936 |    193 |    140 |   2080 |   4 |  782.2 |
               +--------+--------+--------+--------+--------+-----+--------+

Top non-repeatable levels by time:
     D:2: 1232 daAuts
     D:1: 844 daAuts
     D:3: 709 daAuts
     D:4: 343 daAuts
